 Dungeon Crawl Stone Soup version 0.17.0-28-g6e173f8 (console) character file.

43 Kloppie the Insei (level 3, 0/28 HPs)
             Began as a Draconian Transmuter on Nov 24, 2015.
             Succumbed to poison (a potion of poison)
             ... on level 2 of the Dungeon.
             The game lasted 00:01:47 (1150 turns).

Kloppie the Insei (Draconian Transmuter)            Turns: 1150, Time: 00:01:47

Health: 0/28       AC:  5    Str: 12      XL:     3   Next: 37%
Magic:  6/6        EV: 12    Int: 16 (18) God:
Gold:   44         SH:  0    Dex: 12      Spells: 2 memorised, 2 levels left

rFire  . . .     SeeInvis .       - Unarmed
rCold  . . .     Clarity  .     (armour unavailable)
rNeg   . . .     SustAt   .     (no shield)
rPois  .         Gourm    .     (helmet restricted)
rElec  .         Spirit   .     (no cloak)
rCorr  .         Warding  .     (no gloves)
rMut   .         Stasis   .     (no boots)
MR     .....                    (no amulet)
Stlth  +.........               (no ring)
                                (no ring)

@: brilliant, lethally poisoned (0 -> -16), not resistant to hostile
enchantments, very unstealthy
A: unfitting armour, cold-blooded, AC +5
a: no special abilities


You were on level 2 of the Dungeon.
You were not hungry.

You visited 1 branch of the dungeon, and saw 2 of its levels.

You collected 44 gold pieces.

Inventory:

Missiles
 a - 26 arrows
Scrolls
 e - a scroll of magic mapping {unknown}
 i - a scroll of enchant weapon {unknown}
 j - a scroll of amnesia {unknown}
Books
 b - a book of Changes

   Spells                             Type                      Level
   a - Beastly Appendage              Transmutation                1
   b - Sticks to Snakes               Transmutation                2
   c - Spider Form                    Transmutation/Poison         3
   d - Ice Form                       Ice/Transmutation            4
   e - Blade Hands                    Transmutation                5
Comestibles
 c - a bread ration
 d - a royal jelly
 f - a meat ration
 l - a chunk of flesh


   Skills:
 - Level 1.1 Fighting
 - Level 1.7 Dodging
 - Level 4.4 Unarmed Combat
 - Level 2.0 Spellcasting
 + Level 2.1 Transmutations


You had 2 spell levels left.
You knew the following spells:

 Your Spells              Type           Power        Failure   Level  Hunger
a - Beastly Appendage     Trmt           ###...       1%          1    #......
b - Spider Form           Trmt/Pois      ##........   4%          3    ###....


Dungeon Overview and Level Annotations

Branches:
Dungeon (2/15)

Altars:


Innate Abilities, Weirdness & Mutations

Your plain brown scales are hard (AC +5).
Your body does not fit into most forms of armour.
You are cold-blooded and may be slowed by cold attacks.


Message History

Drink which item? (? for menu, Esc to quit)
It was a potion of brilliance.
You feel clever all of a sudden. The adder bites you but does no damage.
The adder barely misses you.
Drink which item? (? for menu, Esc to quit)
It was a potion of poison.
That liquid tasted very nasty...
You are more poisoned.
* * * LOW HITPOINT WARNING * * *
You feel sick. The adder closely misses you.
Drink which item? (? for menu, Esc to quit)
You can't drink that!
Drink which item? (? for menu, Esc to quit)
It was a potion of degeneration.
There was something very wrong with that liquid.
You feel dopey.
* * * LOW HITPOINT WARNING * * *
You feel sick. The adder barely misses you.
You hit the adder but do no damage.
The adder is moderately wounded.
You die...

#.# ##.###.# ######.# #.#
..#....# #.# #.#.#### #†#
#.#.# #.# # ####.#†## #.#
.# ....h...#######.#
#.####
.###............##.....#
..####..###.....@Sg.#
............######.......
..####..#### .......
.....#..### ..#####
...#.#.... ..# .#.#.##.##
..# ...†....###. ..#
.#....#..... ..#
.....†..#


You could see an adder and a goblin.

Vanquished Creatures
  2 adders (D:2)
  A ball python (D:2)
  2 giant cockroaches (D:1)
  2 hobgoblins (D:1)
  A jackal (D:2)
  4 kobolds
  A quokka (D:2)
  5 bats
  2 giant newts
  3 goblins
  2 rats
25 creatures vanquished.

Notes
Turn   | Place    | Note
--------------------------------------------------------------
     0 | D:1      | Kloppie the Draconian Transmuter began the quest for the Orb.
     0 | D:1      | Reached XP level 1. HP: 16/16 MP: 3/3
   288 | D:1      | Reached XP level 2. HP: 21/23 MP: 5/5
   619 | D:2      | Reached skill level 4 in Unarmed Combat
   926 | D:2      | Reached XP level 3. HP: 18/28 MP: 6/6
  1065 | D:2      | Learned a level 3 spell: Spider Form
  1149 | D:2      | HP: 1/28 [poison (a potion of poison)]
  1150 | D:2      | Succumbed to poison (a potion of poison)

Action                   || total
-------------------------++-------
Melee: Unarmed           ||    94
  Use: Potion            ||     3
 Stab: Sleeping          ||     1
  Eat: Chunk             ||     1
